 Dungeon Crawl Stone Soup version 0.23.2-1-ga50397a (webtiles) character file.

Game seed: 4316971078308450174

68 funkygono the Digger (level 4, -2/24 HPs)
             Began as a Gargoyle Earth Elementalist on May 1, 2019.
             Killed from afar by Natasha (4 damage)
             ... with a magic dart
             ... on level 2 of the Dungeon on May 2, 2019.
             The game lasted 00:06:58 (1453 turns).

funkygono the Digger (Gargoyle Earth Elementalist)  Turns: 1453, Time: 00:06:59

Health: -2/24      AC:  8    Str: 13    XL:     4   Next: 19%
Magic:  3/8        EV: 11    Int: 20    God:
Gold:   132        SH:  0    Dex: 10    Spells: 4/8 levels left

rFire    . . .     SeeInvis .   n - +0 club
rCold    . . .     Gourm    .   (no shield)
rNeg     + . .     Faith    +   p - +0 leather armour
rPois    ∞         Spirit   .   h - +1 hat
rElec    +         Reflect  .   b - +0 cloak
rCorr    .         Harm     .   (no gloves)
MR       .....                  (no boots)
Stlth    ++........             l - amulet of faith
HPRegen  0.08/turn              g - +2 ring of strength
MPRegen  0.11/turn              i - +3 ring of intelligence

@: flying, very slightly contaminated, hasted, very quick
A: negative energy resistance 1, electricity resistance, unbreathing,
petrification resistance, rot immunity, AC +3
a: no special abilities


You were on level 2 of the Dungeon.
You were not hungry.

You visited 1 branch of the dungeon, and saw 2 of its levels.

You collected 132 gold pieces.

Inventory:

Hand Weapons
 n - a +0 club (weapon)
Missiles
 o - 16 stones (quivered)
Armour
 b - a +0 cloak (worn)
 c - a +0 robe
 h - a +1 hat (worn)
 p - a +0 leather armour (worn)
Jewellery
 f - an uncursed ring of stealth
 g - a +2 ring of strength (left hand)
 i - a +3 ring of intelligence (right hand)
 l - an amulet of faith (around neck)
Wands
 s - a wand of flame (12)
Scrolls
 a - a scroll of identify
 j - a scroll of remove curse
 q - a scroll of teleportation {unknown}
 r - a scroll of random uselessness {unknown}
Comestibles
 d - 2 rations
 m - 5 chunks of flesh


   Skills:
 + Level 0.1 Maces & Flails
 + Level 0.1 Armour
 - Level 1.5 Dodging
 + Level 2.5 Stealth
 * Level 2.9 Spellcasting
 * Level 0.6 Conjurations
   Level 0.7 Transmutations
 * Level 4.8 Earth Magic


You had 4 spell levels left.
You knew the following spells:

 Your Spells              Type           Power        Failure   Level  Hunger
a - Sandblast             Erth           ###...       2%          1    None
b - Stone Arrow           Conj/Erth      ##....       19%         3    ###....

Your spell library contained the following spells:

 Spells                   Type           Power        Failure   Level  Hunger
 Passwall                 Tmut/Erth      ##......     9%          2    ##.....
 Confusing Touch          Hex            #.....       19%         1    None
 Confuse                  Hex            #.......     50%         3    ###....
 Gell's Gravitas          Tloc           #.........   50%         3    ###....
 Petrify                  Tmut/Erth      ##......     50%         4    ####...
 Lee's Rapid Deconstruct  Erth           ###.......   56%         5    ######.
 Metabolic Englaciation   Hex/Ice        #.........   99%         5    ######.
 Yara's Violent Unravell  Hex/Tmut       #.........   99%         5    ######.


Dungeon Overview and Level Annotations

Branches:
Dungeon (2/15)

Altars:

Annotations:
D:2 Natasha


Innate Abilities, Weirdness & Mutations

You are resistant to torment.
Your stone body is resilient. (AC +3)
You are immune to poison.
You resist negative energy. (rN+)
You are resistant to electric shocks. (rElec)
You can survive without breathing.
You are immune to petrification.
You are immune to rotting.


Message History

Press: ? - help, Shift-Dir - straight line, f/p - Natasha
Aim: Natasha The blast of sand hits Natasha.
Natasha is lightly wounded.
o - 17 stones The crimson imp blinks!
Natasha claws you.
* * * LOW HITPOINT WARNING * * *
You feel yourself speed up. Natasha closely misses you.
The crimson imp blinks!
Casting: Sandblast (safe; 2% risk of failure)
Confirm with . or Enter, or press ? or * to list all spells.
Aiming: Sandblast (safe; 2% risk of failure)
Press: ? - help, Shift-Dir - straight line, f/p - Natasha
Aim: Natasha (lightly wounded)
The blast of sand hits Natasha!
Natasha is severely wounded.
o - 16 stones Natasha casts a spell at you.
The magic dart hits you.
You die...

........# #.# ##...##
####### #.# ....# #.#
##.## #......
.###>###.#.###.#
#.######.#####
.........#.....#
#........#
#.....÷.....##
##.#####.#
###..####...#.#######.#
#.#
#....###.###........#.#
#.# #....##÷##
##.#####.#.# #.#
#....##)# #.h.@.....#
#.# ....)...##
##.#####.####. ...
.........###..# #. .#
....).......#.# .####.
.....###.#.##.#
...#.########
.....###.#.##5#
#.#.#.......
..........h..5#
#.....#####)
..######...#### #..#..#
#. .. ##..# #....## ##.


You could see Natasha.

Vanquished Creatures
  2 worms (D:2)
  6 dart slugs
  A leopard gecko (D:1)
  2 ball pythons (D:2)
  7 bats
  3 giant cockroaches (D:2)
  2 goblins (D:2)
  4 hobgoblins
  4 jackals
  8 kobolds
  4 frilled lizards
  4 rats
47 creatures vanquished.

Notes
Turn   | Place    | Note
-------+----------+-------------------------------------------
     0 | D:1      | funkygono the Gargoyle Earth Elementalist began the quest
                  | for the Orb.
     0 | D:1      | Reached XP level 1. HP: 10/10 MP: 3/3
   133 | D:1      | Reached skill level 4 in Earth Magic
   133 | D:1      | Reached XP level 2. HP: 15/15 MP: 3/5
   538 | D:1      | Reached XP level 3. HP: 19/19 MP: 4/6
   675 | D:1      | Learned a level 3 spell: Stone Arrow
  1336 | D:2      | Reached XP level 4. HP: 5/24 MP: 0/8
  1424 | D:2      | Noticed Natasha
  1445 | D:2      | HP: 1/24 [Natasha (3)]
  1453 | D:2      | Killed from afar by Natasha

Skill      XL: |  1 |
---------------+----+-----
Earth Magic    | 4 |  4.8
Maces & Flails | |  0.1
Armour         | |  0.1
Dodging        | |  1.5
Stealth        | |  2.5
Spellcasting   | |  2.9
Conjurations   | |  0.6
Transmutations | |  0.7

Action                   |  1- 3 |  4- 6 || total
-------------------------+-------+-------++-------
Melee: Unarmed           |     8 |       ||     8
       Club              |    49 |    14 ||    63
 Cast: Sandblast         |    33 |     6 ||    39
       Stone Arrow       |    11 |     1 ||    12
  Use: Scroll            |     5 |       ||     5
       Potion            |       |     4 ||     4
  Eat: Chunk             |     3 |     1 ||     4
Armor: Robe              |     5 |       ||     5
       Leather armour    |    21 |     9 ||    30
Dodge: Dodged            |    47 |    16 ||    63
